 Dungeon Crawl Stone Soup version 0.31-a0-154-g56bf346678 (webtiles) character file.

Game seed: 13711366560838058162

21 mdonais the Sneak (level 2, 0/20 HPs)
             Began as an Octopode Brigand on June 11, 2023.
             Succumbed to an adder's poison
             ... on level 2 of the Dungeon.
             The game lasted 00:01:26 (533 turns).

mdonais the Sneak (Octopode Brigand)                 Turns: 533, Time: 00:01:27

Health: 0/20       AC:  1    Str: 10    XL:     2   Next: 87%
Magic:  2/2        EV: 12    Int: 13    God:
Gold:   17         SH:  0    Dex: 13    Spells: 1/1 levels left

rFire   . . .        f - +1 dagger (flame)
rCold   . . .        (no shield)
rNeg    . . .        (helmet restricted)
rPois   .            (no amulet)
rElec   .            (no ring)
rCorr   .            (no ring)
SInv    .            (no ring)
Will    .....        (no ring)
Stlth   ++++         (no ring)
HPRegen 0.23/turn    (no ring)
MPRegen 0.08/turn    (no ring)
                     (no ring)

%: no passive effects
@: lethally poisoned (0 -> -5), attractive, hasted, very quick
A: almost no armour, amphibious, 8 rings, camouflage 1, gelatinous body 1,
(nimble swimmer 1), tentacles
a: no special abilities


You were on level 2 of the Dungeon.
You visited 1 branch of the dungeon, and saw 2 of its levels.

You collected 17 gold pieces.

Inventory:

Hand Weapons
 a - a +2 dagger
 f - a +1 dagger of flaming (weapon)
   (You took it off a goblin on level 1 of the Dungeon)
Missiles
 b - 15 poisoned darts (quivered)
 F - 3 curare-tipped darts
Scrolls
 c - a scroll of vulnerability {unknown}
 e - 3 scrolls of identify {unknown}
 h - a scroll of immolation {unknown}
 i - a scroll of magic mapping {unknown}
 j - a scroll of blinking {unknown}


   Skills:
 + Level 2.7 Fighting
 + Level 2.7 Short Blades
 - Level 2.0 Throwing
 - Level 1.0 Dodging
 - Level 5.3 Stealth


You had one spell level left.
You didn't know any spells.
Your spell library was empty.

Dungeon Overview and Level Annotations

Branches:
Dungeon (2/15) Zot: 11472

Altars:

Annotations:
D:1 1 exclusion


Innate Abilities, Weirdness & Mutations

You cannot wear most types of armour.
You are amphibious.
You can wear up to eight rings at the same time.
Your skin changes colour to match your surroundings (Stealth+).
Your rubbery body absorbs attacks. (AC +1, EV +1)
((You are camouflaged when in or above water. (Stealth+)))
You have tentacles for arms and can constrict up to eight enemies at once.


Message History

No target in view!
No target in view!
No target in view!
You see here a frilled lizard corpse.
Found a dagger and a helmet.
Found a leather armour.
You open the door.
There is an open door here.
As you open the door, it creaks loudly!
Press: ? - help, . - travel, g - get item You can't see that place. [Stash: 14 gold pieces] [the floor.]
There is an open door here.
Unknown command.
Unknown command.
Key pressed, stopping explore.
There is an open door here.
There is an open door here.
You open the door.
There is an open door here.
You open the door.
Found 3 stones.
There is an open door here.
You open the door.
There is an open door here.
You open the door.
There is an open door here.
There is an open door here.
You open the door.
There is an open door here.
You now have 17 gold pieces (gained 2).
There is an open door here.
There is an open door here.
You open the door.
There is an open door here.
You open the door.
There is an open door here.
As you open the door, it creaks loudly!
There is an open door here.
You open the door. You open the door.
There is an open door here.
There is an open door here.
You open the door.
There is an open door here.
There is an open door here.
There is an open door here.
There is an open door here.
There is an open door here.
There is an open door here.
There is an open door here.
Done exploring.
Done exploring.
Done exploring.
Your library has no spells.
Unknown command.
Done exploring.
Done exploring.
Done exploring.
(D) Dungeon
Where to? (? - help)
There is a stone staircase leading down here.
You climb downwards.
There is a stone staircase leading up here.
A hobgoblin is nearby!
The helpless hobgoblin fails to defend itself.
You impale the hobgoblin!! You burn the hobgoblin.
You kill the hobgoblin!
No target in view!
A rat comes into view.
A rat is nearby!
Found 7 stones.
A ball python comes into view. 2 adders come into view.
Found 8 gold pieces.
The ball python hisses angrily.
The rat barely misses you. The ball python closely misses you.
The ball python barely misses you.
You barely miss the ball python. Your grab misses the ball python.
You squeeze the ball python.
You kill the ball python!
The rat closely misses you.
You hit the rat. You burn the rat.
You kill the rat!
A goblin comes into view. It is wielding a +0 dagger.
A rat comes into view.
You see here a rat corpse.
A giant cockroach comes into view.
Found a bubbling puce potion.
The goblin shouts!
A goblin comes into view. It is wielding a +0 club.
Found a scroll labelled QUIRYJ LAANUI.
The goblin hits you with a +0 dagger.
You take 3 damage, and have 17/20 hp.
The adder hisses angrily.
The goblin shouts!
The adder hisses angrily.
You hit the goblin. You burn the goblin. Your grab misses the goblin.
Your squeeze misses the goblin.
The goblin is severely wounded.
The goblin barely misses you.
You hit the goblin. You burn the goblin.
You kill the goblin!
The adder bites you.
You are poisoned.
The adder poisons you!
You take 2 damage, and have 15/20 hp.
You completely miss the adder. Your grab misses the adder.
Your squeeze misses the adder.
You feel sick. The adder closely misses you.
The giant cockroach barely misses you.
You take 1 damage, and have 14/20 hp.
You hit the adder but do no damage. You grab the adder.
You constrict the adder.
You feel sick. The adder misses you. The giant cockroach bites you.
The rat bites you but does no damage.
You take 3 damage, and have 11/20 hp.
You hit the adder but do no damage.
The adder is lightly wounded.
You constrict the adder.
You feel sick. The adder barely misses you.
The giant cockroach waves its antennae.
The giant cockroach bites you.
You take 1 damage, and have 10/20 hp.
You are too injured to fight recklessly!
You are too injured to fight recklessly!
You are too injured to fight recklessly!
You are too injured to fight recklessly!
You are too injured to fight recklessly!
You are too injured to fight recklessly!
It was a potion of attraction.
You feel attractive to monsters.
You constrict the adder.
You feel sick.
You are no longer poisoned.
The adder bites you. The goblin hits you with a +0 club. The rat bites you.
* * * LOW HITPOINT WARNING * * *
The giant cockroach bites you.
* * * LOW HITPOINT WARNING * * *
You take 5 damage, and have 5/20 hp.
MASSIVE DAMAGE!!
It was a potion of haste.
You feel yourself speed up.
You constrict the adder. The adder closely misses you.
The goblin barely misses you. The rat closely misses you.
The giant cockroach closely misses you. The adder bites you.
* * * LOW HITPOINT WARNING * * *
You are lethally poisoned!
The adder poisons you!
You take 4 damage, and have 1/20 hp.
Unknown command.
Unknown command.
Unknown command.
Unknown command.
You hit the adder. You burn the adder.
You kill the adder!
You die...

.# ## #! ## .#.. #.##
# ###.#$#...##.####
#..#.#.#...#.#..
#............#.#
#..S)Bg....###.# ##
#@.........# ..
##$#r....###..#####.#
.....(..†..........#.#
.##.#.#.#.###..###.#.#
#?#............†.<.# #
##########........
#.###..## #.# #..# #..
...#


You could see an adder, a giant cockroach, a goblin and a rat.

Vanquished Creatures
  An adder (D:2)
  3 endoplasms (D:1)
  2 giant cockroaches (D:1)
  2 hobgoblins
  A quokka (D:1)
  4 ball pythons
  A bat (D:1)
  3 frilled lizards (D:1)
  2 goblins
  3 rats
22 creatures vanquished.

Notes
Turn   | Place    | Note
-------+----------+-------------------------------------------
     0 | D:1      | mdonais the Octopode Brigand began the quest for the Orb.
     0 | D:1      | Reached XP level 1. HP: 14/14 MP: 1/1
   102 | D:1      | Reached XP level 2. HP: 20/20 MP: 2/2
   532 | D:2      | HP: 1/20 [adder (4)]
   533 | D:2      | Succumbed to an adder's poison

Illustrated notes

Levels and vault maps discovered:
D:1:      co_arrival_random_square_maze, layout_basic, serial_glass,
          glass_columns_a, glass_columns_a, due_unseen_surprise, feat_on_display
D:2:      layout_loops_ring, shapermc_ecumenical_altar_hornbeckon,
          minmay_tiny_reverse_x, uniq_natasha, uniq_robin

Action                     || total
---------------------------++-------
  Melee: Dagger            ||    35
         Constrict         ||     5
         Tentacles         ||     4
         Punch             ||     1
    Use: Potion            ||     2
   Stab: Sleeping          ||     7
 Armour: Skin              ||     1
  Dodge: Dodged            ||    19

Table legend: (Time is in decaauts)
 A = Elapsed time spent in this place.
 B = Non-inter-level travel time spent in this place.
 C = Inter-level travel time spent in this place.
 D = Time resting spent in this place.
 E = Time spent auto-exploring this place.
 F = Levels seen in this place.
 G = Mean time per level.
                   A        B        C        D        E       F      G
               +--------+--------+--------+--------+--------+-----+--------+
         Total |    527 |    500 |     27 |      0 |    362 |   2 |  263.5 |
       Dungeon |    527 |    500 |     27 |      0 |    362 |   2 |  263.5 |
               +--------+--------+--------+--------+--------+-----+--------+

Top non-repeatable levels by time:
     D:1: 503 daAuts
     D:2: 24 daAuts
